 Dungeon Crawl Stone Soup version 0.32-a0-938-g40ac7a0f4d (webtiles) character file.

Game seed: 6833064103491087642

1530 innerfire43 the Deliberate (level 8, -12/64 HPs)
             Began as a Demonspawn Wanderer on Apr 15, 2024.
             Was a Follower of Cheibriados.
             Mangled by a two-headed ogre
             ... wielding a +0 giant club
              (13 damage)
             ... on level 7 of the Dungeon.
             The game lasted 00:09:03 (5048 turns).

innerfire43 the Deliberate (Demonspawn Wanderer)    Turns: 5048, Time: 00:09:04

Health: -12/64     AC: 11    Str: 17    XL:     8   Next: 55%
Magic:  14/14      EV: 10    Int: 21    God:    Cheibriados [*.....]
Gold:   518        SH:  5    Dex: 14    Spells: 15/15 levels left

rFire   x . .        a - +3 sling
rCold   + . .        (no shield)
rNeg    . . .        v - +1 troll leather armour {Pargi}
rPois   .            N - +0 helmet
rElec   .            r - +0 cloak
rCorr   .            j - +0 pair of gloves
SInv    .            (no boots)
Will    .....        C - amulet of reflection
Stlth   +            o - ring of ice
HPRegen 1.10/turn    u - +6 ring of intelligence
MPRegen 0.14/turn

%: reflection
@: very slow
A: yellow scales 2, demonic guardian 1, spiny 1, weakness stinger 2
a: Renounce Religion, Bend Time


You were on level 7 of the Dungeon.
You worshipped Cheibriados.
Cheibriados was aware of your devotion.
You visited 1 branch of the dungeon, and saw 7 of its levels.
You also visited: Sewer and Ossuary.

You collected 518 gold pieces.

Inventory:

Hand Weapons
 a - a +3 sling (weapon)
 h - a +2 whip of electrocution
 q - a +2 quarterstaff of chaos
Armour
 c - a +0 leather armour
 j - a +0 pair of gloves (worn)
 r - a +0 cloak (worn)
 s - a +1 leather armour of cold resistance
 v - a +1 troll leather armour (worn) {Pargi}
 N - a +0 helmet (worn)
Jewellery
 o - a ring of ice (left hand)
 u - a +6 ring of intelligence (right hand)
 C - an amulet of reflection (around neck)
 L - a ring of magical power
 O - a +6 ring of intelligence
Wands
 y - a wand of flame (36)
 K - a wand of polymorph (2)
Scrolls
 b - 2 scrolls of fear
 e - 3 scrolls of enchant armour
 g - 6 scrolls of identify
 i - a scroll of amnesia
 k - a scroll of enchant weapon {unknown}
 l - a scroll of poison {unknown}
 m - 4 scrolls of teleportation {unknown}
 p - 3 scrolls of blinking {unknown}
 t - 2 scrolls of fog {unknown}
 w - 2 scrolls of revelation {unknown}
 x - a scroll of summoning {unknown}
 B - 2 scrolls of noise {unknown}
Potions
 d - a potion of lignification {unknown}
 f - 3 potions of curing
 n - 2 potions of cancellation {unknown}
 z - a potion of might {unknown}
 A - a potion of heal wounds {unknown}
 D - 2 potions of haste {unknown}
 E - a potion of attraction {unknown}
 F - 2 potions of degeneration {unknown}
 G - a potion of brilliance
 H - 2 potions of magic {unknown}
 I - a potion of berserk rage {unknown}
 J - a potion of enlightenment {unknown}
 M - a potion of resistance {unknown}


   Skills:
 + Level 5.6 Fighting
 + Level 5.1 Ranged Weapons
 - Level 4.1 Armour
 * Level 1.2 Dodging
 - Level 4.4 Spellcasting
 + Level 7.1 Invocations


You had 15 spell levels left.
You didn't know any spells.
Your spell library contained the following spells:

 Spells                   Type           Power      Damage    Failure   Level
 Scorch                   Fire           8%         2d5       21%         2
 Flame Wave               Conj/Fire      4%         2d5       80%         4
 Summon Cactus Giant      Summ           2%         N/A       100%        6


Dungeon Overview and Level Annotations

Branches:
Dungeon (7/15)              Sewer (visited)         Ossuary (visited)
 Temple: D:4-7

Altars:
Cheibriados
Fedhas
Makhleb
Yredelemnul

Annotations:
D:1 1 transporter
D:7 1 runed translucent door


Innate Abilities, Weirdness & Mutations

You are mostly covered in yellow scales. (AC +3)
A weak demonic guardian rushes to your aid.
You are partially covered in sharp spines.
You have a tail ending in a sharp stinger.


Message History

Your ufetubus hits the boulder beetle but does no damage. x2
You shoot a sling bullet.
The sling bullet hits the boulder beetle but does no damage.
The boulder beetle is lightly wounded.
Your ufetubus hits the boulder beetle.
Your ufetubus hits the boulder beetle but does no damage.
The boulder beetle bites you.
Your ufetubus hits the boulder beetle but does no damage.
Your ufetubus barely misses the boulder beetle.
The boulder beetle bites you!!
You shoot a sling bullet.
The sling bullet hits the boulder beetle but does no damage.
The boulder beetle is lightly wounded.
Your ufetubus hits the boulder beetle but does no damage. x4
The boulder beetle leaps!
A manticore comes into view.
Your ufetubus hits the boulder beetle but does no damage. x2
The boulder beetle barely misses your ufetubus.
Your ufetubus hits the boulder beetle but does no damage. x2
Unknown command.
Found a scroll labelled XAIVIO GITOV.
Your ufetubus slips past the boulder beetle!
Your ufetubus hits the boulder beetle but does no damage. x2
Your ufetubus hits the boulder beetle but does no damage. x2
The boulder beetle is struck by your spines.
The boulder beetle bites you!
The two-headed ogre is struck by your spines.
The two-headed ogre closely misses you.
The two-headed ogre completely misses you.
Your ufetubus hits the boulder beetle but does no damage. x2
The boulder beetle leaps!
You swap places.
The boulder beetle leaps!
Your ufetubus hits the two-headed ogre. x2
The boulder beetle curls into a ball and begins rolling!
The two-headed ogre is struck by your spines.
The two-headed ogre hits you with a +0 giant club!!
* * * LOW HITPOINT WARNING * * *
The two-headed ogre hits you with a +0 giant club!
You die...
Cheibriados appreciates the motionlessness of death.

....# ..# #....# ..
#....#....≈.... .#
#######+#.B..#+≈≈≈≈....
.#######
#......................
.#.....#
#.....#................
.#....<#
#.....#................
.#.....#
#.#...............
.#.....#
#@#...............
.###..####
##O##..............
.###+#...#
#5z.#..#########'#.
........##
#...##....#......#.
........#
#O#+#.#....#......#.
........#
#.#u#.##...#......#.
........#
#O##D##.#...#......#(
........# #. $H.
.##.........#.
####..### .# .$.
#.#...#..##.#.


You could see a boulder beetle (rolling, ally target), a purple ugly thing, a
skeletal warrior, 3 two-headed ogres, a manticore, an acid dragon and a friendly
ufetubus (summoned).

Vanquished Creatures
  Pargi (Sewer)
  An ice beast (D:7)
  A black bear (D:7)
  An ogre (D:6)
  A phantom (D:6)
  A brain worm (Sewer)
  A bullfrog (D:7)
  3 jellies
  A howler monkey (D:7)
  Crazy Yiuf (D:3)
  A bombardier beetle (D:5)
  A hound (D:6)
  An orc priest (D:4)
  2 sleepcaps
  4 iguanas
  7 orc wizards
  8 mummies (Ossuary)
  7 adders
  2 white imps
  2 ufetubi (D:5)
  2 ribbon worms (D:2)
  5 dart slugs
  23 orcs
  5 endoplasms
  5 giant cockroaches
  23 goblins
  6 hobgoblins
  7 jackals
  8 quokkas
  8 ball pythons
  8 bats
  5 frilled lizards
  2 gnoll zombies (Ossuary)
  3 hobgoblin zombies (Ossuary)
  9 kobolds
  A kobold zombie (Ossuary)
  2 orc zombies (Ossuary)
  11 rats
180 creatures vanquished.

Vanquished Creatures (collateral kills)
  Robin (D:2)
  A goblin (D:2)
2 creatures vanquished.

Vanquished Creatures (others)
  A butterfly (D:5)
1 creature vanquished.

Grand Total: 183 creatures vanquished

Notes
Turn   | Place    | Note
-------+----------+-------------------------------------------
     0 | D:1      | innerfire43 the Demonspawn Wanderer began the quest for the
                  | Orb.
     0 | D:1      | innerfire43 set off with the following items: a +3 sling, a
                  | scroll of fear, a +0 leather armour.
     0 | D:1      | Reached XP level 1. HP: 18/18 MP: 4/4
    36 | D:1      | Reached skill level 1 in Invocations
    39 | D:1      | Gained mutation: A weak demonic guardian rushes to your
                  | aid. [demonic ancestry]
    39 | D:1      | Reached XP level 2. HP: 13/24 MP: 6/6
   238 | D:1      | Reached skill level 2 in Invocations
   287 | D:1      | Found a faded altar of an unknown god.
   322 | D:1      | Gained mutation: You are partially covered in yellow
                  | scales. (AC +2) [demonic ancestry]
   322 | D:1      | Reached XP level 3. HP: 29/29 MP: 7/7
   785 | D:2      | Noticed Robin
   805 | D:2      | Killed Robin
   806 | D:2      | Reached skill level 3 in Invocations
   806 | D:2      | Gained mutation: You are partially covered in sharp spines.
                  | [demonic ancestry]
   806 | D:2      | Reached XP level 4. HP: 16/35 MP: 8/8
   976 | D:2      | Gained mutation: You have a small tail. [demonic ancestry]
   976 | D:2      | Reached XP level 5. HP: 42/42 MP: 9/9
  1013 | D:2      | Reached skill level 4 in Invocations
  1540 | D:3      | Found a runed translucent door.
  1541 | D:3      | Noticed Crazy Yiuf
  1636 | D:3      | Killed Crazy Yiuf
  1861 | D:4      | Gained mutation: You have a tail ending in a sharp stinger.
                  | [demonic ancestry]
  1861 | D:4      | Reached XP level 6. HP: 43/48 MP: 10/10
  1961 | D:4      | Reached skill level 5 in Invocations
  2092 | D:4      | Found a blossoming altar of Fedhas.
  2307 | D:4      | Found a burning altar of Makhleb.
  2378 | D:4      | Found a basalt altar of Yredelemnul.
  2417 | D:4      | Found a glowing drain.
  2433 | Sewer    | Entered a sewer
  2506 | Sewer    | Noticed Pargi
  2519 | Sewer    | Killed Pargi
  2520 | Sewer    | Gained mutation: You are mostly covered in yellow scales.
                  | (AC +3) [demonic ancestry]
  2520 | Sewer    | Reached XP level 7. HP: 47/55 MP: 10/12
  2871 | D:5      | Entered Level 5 of the Dungeon
  2926 | D:5      | Found a sand-covered staircase.
  3036 | Ossuary  | Entered an ossuary
  3727 | D:5      | Reached skill level 6 in Invocations
  3811 | D:5      | Found a snail-covered altar of Cheibriados.
  3891 | D:5      | Became a worshipper of Cheibriados the Contemplative
  4012 | D:5      | Reached skill level 5 in Fighting
  4126 | D:6      | Reached XP level 8. HP: 59/62 MP: 12/14
  4859 | D:7      | Reached * piety under Cheibriados
  4862 | D:7      | Reached skill level 5 in Ranged Weapons
  4862 | D:7      | Reached skill level 7 in Invocations
  5007 | D:7      | Reached skill level 1 in Dodging
  5026 | D:7      | Found a runed translucent door.
  5026 | D:7      | Noticed a boulder beetle
  5029 | D:7      | Noticed a cyclops
  5031 | D:7      | Noticed a two-headed ogre
  5033 | D:7      | Noticed a purple ugly thing
  5034 | D:7      | Noticed a skeletal warrior
  5034 | D:7      | Noticed a two-headed ogre
  5041 | D:7      | Noticed a two-headed ogre
  5044 | D:7      | Noticed a manticore
  5048 | D:7      | HP: 1/64 [two-headed ogre/+0 giant club (28)]
  5048 | D:7      | Mangled by a two-headed ogre

Illustrated notes

Levels and vault maps discovered:
D:1:      spicycebolla_arrival_risky_transporter, layout_rooms,
          hellmonk_ecumenical_altar_leap_of_faith, minmay_gold_behind_fungi
D:2:      layout_basic, hex_intersection, uniq_robin
D:3:      layout_rooms, minmay_unequal, uniq_crazy_yiuf_cottage
D:4:      layout_cave_pods, mainiacjoe_overflow_alcove_1,
          mainiacjoe_overflow_tiny_flanked, lemuel_round_altar,
          nicolae_overflow_crystal_walls, gup_sewer_entry_pipe
D:5:      layout_basic, nicolae_elyvilon_peaceful_grove, chei_slow_surprise,
          enter_ossuary_2
D:6:      layout_gridville
D:7:      minmay_the_grid_four_pointed_star
          [minmay_the_grid_triangle_9x9_impossible_snake,
          minmay_the_grid_triangle_9x9_subtriangle,
          minmay_the_grid_triangle_9x9_thin_v,
          minmay_the_grid_triangle_9x9_minimal,
          minmay_the_grid_prize_four_corners], layout_gridville,
          old_standard_altar, nicolae_overflow_hidden_temple,
          minmay_temple_entry_antechambers, chequers_serial_rivers_micro_d

Skill      XL: |  1  2  3  4  5  6  7  8 |
---------------+-------------------------+-----
Invocations    | 1 2 3 4 5 6 7 |  7.1
Ranged Weapons | 3 4 5 |  5.1
Armour         | 2 3 4 |  4.1
Fighting       | 4 5 |  5.6
Spellcasting   | 4 |  4.4
Dodging        | 1 |  1.2

Action                     |  1- 3 |  4- 6 |  7- 9 || total
---------------------------+-------+-------+-------++-------
  Melee: Sling             |       |     1 |     1 ||     2
         Tailslap          |       |     1 |       ||     1
   Fire: Sling             |    97 |   190 |   254 ||   541
    Use: Potion            |       |     3 |       ||     3
         Scroll            |       |     2 |     1 ||     3
 Armour: Leather armour    |    54 |    74 |       ||   128
         Troll leather arm |       |       |   115 ||   115
  Dodge: Dodged            |    36 |    47 |    43 ||   126
  Block: Other             |       |       |    10 ||    10
         Reflection        |       |       |     1 ||     1

Table legend: (Time is in decaauts)
 A = Elapsed time spent in this place.
 B = Non-inter-level travel time spent in this place.
 C = Inter-level travel time spent in this place.
 D = Time resting spent in this place.
 E = Time spent auto-exploring this place.
 F = Levels seen in this place.
 G = Mean time per level.
                   A        B        C        D        E       F      G
               +--------+--------+--------+--------+--------+-----+--------+
         Total |   5494 |   5178 |    316 |      0 |   3847 |   9 |  610.4 |
       Dungeon |   5084 |   4768 |    316 |      0 |   3638 |   7 |  726.3 |
         Sewer |    167 |    167 |      0 |      0 |     83 |   1 |  167.0 |
       Ossuary |    242 |    242 |      0 |      0 |    125 |   1 |  242.0 |
               +--------+--------+--------+--------+--------+-----+--------+

Top non-repeatable levels by time:
     D:6: 943 daAuts
     D:5: 941 daAuts
     D:4: 899 daAuts
     D:1: 690 daAuts
     D:3: 617 daAuts
     D:2: 591 daAuts
     D:7: 399 daAuts
 Ossuary: 242 daAuts
   Sewer: 167 daAuts
